 Dungeon Crawl Stone Soup version 0.19-a0-1896-g611e798 (console) character file.

55 Gottschkopf the Insei (level 3, -2/28 HPs)
             Began as a Draconian Transmuter on Oct 19, 2016.
             Killed from afar by a dart slug (3 damage)
             ... with a slug dart
             ... on level 1 of the Dungeon.
             The game lasted 00:02:54 (1470 turns).

Gottschkopf the Insei (Draconian Transmuter)        Turns: 1470, Time: 00:02:54

Health: -2/28      AC:  5    Str: 12    XL:     3   Next: 67%
Magic:  4/6        EV: 12    Int: 13    God:
Gold:   78         SH:  0    Dex: 12    Spells: 3 memorised, 0 levels left

rFire  . . .     SeeInvis .       - Unarmed
rCold  . . .     Gourm    .     (armour unavailable)
rNeg   . . .     Faith    .     (no shield)
rPois  .         Spirit   .     (helmet restricted)
rElec  .         Reflect  .     (no cloak)
rCorr  .         Harm     .     (no gloves)
MR     .....                    (boots currently unavailable)
Stlth  +.........               (no amulet)
                                (no ring)
                                (no ring)

@: appendage (expiring), very slightly contaminated
A: unfitting armour, talons 3, cold-blooded, AC +5
a: End Transformation


You were on level 1 of the Dungeon.
You were very hungry.
You had grown temporary talons.
You visited 1 branch of the dungeon, and saw 2 of its levels.

You collected 78 gold pieces.

Inventory:

Missiles
 a - 12 arrows
Jewellery
 h - an uncursed ring of see invisible {unknown}
Scrolls
 g - 4 scrolls of identify {unknown}
 i - a scroll of amnesia {unknown}
 l - a scroll of remove curse {unknown}
Potions
 d - a potion of heal wounds {unknown}
 e - a potion of haste {unknown}
 j - a potion of lignification {unknown}
Books
 b - a book of Changes

   Spells                             Type                      Level
   a - Beastly Appendage              Transmutation                1
   b - Sticks to Snakes               Transmutation                2
   c - Spider Form                    Transmutation/Poison         3
   d - Ice Form                       Ice/Transmutation            4
   e - Blade Hands                    Transmutation                5
Comestibles
 c - a bread ration
 f - a beef jerky
 k - 2 meat rations


   Skills:
 - Level 1.1 Fighting
 - Level 1.7 Dodging
 - Level 4.2 Unarmed Combat
 - Level 2.0 Spellcasting
 - Level 2.0 Transmutations
 + Level 1.8 Poison Magic


You couldn't memorise any spells.
You knew the following spells:

 Your Spells              Type           Power        Failure   Level  Hunger
a - Beastly Appendage     Tmut           #.....       12%         1    ##.....
b - Sticks to Snakes      Tmut           #.......     17%         2    ###....
c - Spider Form           Tmut/Pois      #.........   38%         3    ####...


Dungeon Overview and Level Annotations

Branches:
Dungeon (2/15)

Altars:


Innate Abilities, Weirdness & Mutations

Your plain brown scales are hard. (AC +5)
You cannot fit into any form of body armour.
You are cold-blooded and may be slowed by cold attacks.
You have claws for feet.


Message History

Unknown command.
The dart slug launches a dart at you. The slug dart misses you.
You hit the goblin. Your kick misses the goblin. Your punch misses the goblin.
The goblin is severely wounded.
The goblin hits you.
* * * LOW HITPOINT WARNING * * *
You hit the goblin but do no damage.
The goblin is severely wounded.
The goblin hits you but does no damage.
You closely miss the goblin. You claw the goblin.
You kill the goblin!
Your transformation is almost over.
The dart slug bites you but does no damage.
You see here a goblin corpse.
You hit the dart slug. You tail-slap the dart slug.
The dart slug is almost dead.
The dart slug launches a dart at you. The slug dart hits you!
You die...

##.........#####.#........#......
..####'####...##..........#......
### #...# ####.###...#....#######
#...# ##.##...#....# ######'###
####.##...######
§.##.....###.≈##.#...#
..#.......#..≈≈#.#...############
..'...<...'..≈≈#.w...##.........#
..#.......#..≈§#@#)...'..........
..##.....###.§##.#>...#w.........
######+### ####.##....#........).
#...# ##.#####.#.........( ###
#...# ####.## #.#..........
..####'####...## #.#..........
##.........#### #÷#..........
############ #.##########.
........# #.# #.


You could see a dart slug.

Vanquished Creatures
  A gnoll (D:2)
  An ooze (D:1)
  A dart slug (D:1)
  A leopard gecko (D:1)
  3 bats (D:1)
  A giant cockroach (D:1)
  7 goblins
  4 hobgoblins (D:1)
  6 jackals (D:1)
  5 kobolds (D:1)
  5 rats (D:1)
35 creatures vanquished.

Notes
Turn   | Place    | Note
-------+----------+-------------------------------------------
     0 | D:1      | Gottschkopf the Draconian Transmuter began the quest for the Orb.
     0 | D:1      | Reached XP level 1. HP: 16/16 MP: 3/3
    96 | D:1      | Reached XP level 2. HP: 14/23 MP: 3/5
   112 | D:1      | Learned a level 2 spell: Sticks to Snakes
   620 | D:1      | Reached skill level 4 in Unarmed Combat
   649 | D:1      | Reached XP level 3. HP: 28/28 MP: 4/6
   654 | D:1      | Learned a level 3 spell: Spider Form
   901 | D:1      | Reached skill level 1 in Poison Magic
  1466 | D:1      | HP: 1/28 [goblin (2)]
  1470 | D:1      | Killed from afar by a dart slug

Vault maps used:
D:1:      dpeg_arrival_another_circle, minmay_stone_trees_medium
D:2:      old_standard_altar, chequers_temple_overflow_minitemple,
          minmay_misc_feat_room, corexii_shack, uniq_crazy_yiuf_cottage

Skill      XL: |  1  2  3 |
---------------+----------+-----
Unarmed Combat | 4 |  4.2
Poison Magic   | 1 |  1.8
Fighting       | |  1.1
Dodging        | |  1.7
Spellcasting   | |  2.0
Transmutations | |  2.0

Action                   || total
-------------------------++-------
Melee: Unarmed           ||    88
       Kick              ||     9
       Headbutt          ||     6
       Tailslap          ||     4
       Punch             ||     1
 Cast: Beastly Appendage ||    21
  Eat: Chunk             ||     1
Armor: Skin              ||    30
Dodge: Dodged            ||    40
